 Dungeon Crawl Stone Soup version 0.32-a0-636-g4925a30cd0 (webtiles) character file.

Game seed: 5060472136537399919

372748 vknvnfl the Warrior (level 21, -4/222 HPs)
             Began as a Minotaur Fighter on Mar 6, 2024.
             Was the Champion of Okawaru.
             Killed from afar by a tengu reaver (48 damage)
             ... with a bolt of cold
             ... led by Sojobo
             ... on level 4 of the Vaults on Mar 7, 2024.
             The game lasted 01:13:11 (38598 turns).

vknvnfl the Warrior (Minotaur Fighter)             Turns: 38598, Time: 01:13:11

Health: -4/222     AC: 37    Str: 32    XL:     21   Next: 38%
Magic:  27/27      EV: 18    Int:  5    God:    Okawaru [******]
Gold:   3307       SH: 13    Dex: 12    Spells: 20/20 levels left

rFire   + + .        v - +7 broad axe (drain)
rCold   . . .        L - +3 warlock's mirror {omnireflect}
rNeg    . . .        A - +3 plate armour {rF+}
rPois   .            P - +0 hat "Fofif" {-Cast Rampage Str+2}
rElec   .            j - +2 cloak
rCorr   .            w - +2 pair of gloves
SInv    .            O - +2 pair of boots
Will    +....        T - amulet of regeneration Stlth
                     t - +4 ring of protection
HPRegen 1.37/turn    N - +4 ring of slaying
MPRegen 0.20/turn

%: no spellcasting, reflection, rampage
@: mighty, about to teleport, heroic, corroded, studying Throwing
A: horns 2, retaliatory headbutt, fire resistance 1, robust 1
}: 3/15 runes: decaying, abyssal, gossamer
a: Renounce Religion, Heroism, Finesse, Duel


You were on level 4 of the Vaults.
You worshipped Okawaru.
Okawaru was exalted by your worship.
You visited 7 branches of the dungeon, and saw 35 of its levels.
You visited the Abyss 2 times.
You also visited: Ossuary and Bailey.

You collected 6770 gold pieces.
You spent 3463 gold pieces at shops.

Inventory:

Hand Weapons
 a - a +5 heavy broad axe
 v - a +7 broad axe of draining (weapon)
 E - a +3 heavy broad axe
Missiles
 F - 7 throwing nets (quivered)
Armour
 g - a +1 chain mail of willpower
 j - a +2 cloak (worn)
 q - a +0 chain mail of cold resistance
 w - a +2 pair of gloves (worn)
 A - a +3 plate armour of fire resistance (worn)
 L - the +3 warlock's mirror (worn) {omnireflect}
   (Okawaru gifted it to you on level 12 of the Dungeon)

   Omnireflect: It can block and reflect piercing ranged attacks and magical
   attacks against the wielder's willpower.
 O - a +2 pair of boots (worn)
 P - the +0 hat "Fofif" (worn) {-Cast Rampage Str+2}
   (You found it on level 4 of the Spider Nest)

   Str+2:     It affects your strength (+2).
   -Cast:     It prevents spellcasting.
   Rampage:   It bestows one free step when moving towards enemies.
Jewellery
 f - an amulet of guardian spirit
 i - a ring of poison resistance
 o - a ring of positive energy
 r - a ring of resist corrosion
 t - a +4 ring of protection (left hand)
 B - a ring of protection from fire
 H - an amulet of the acrobat
 I - a ring of see invisible
 N - a +4 ring of slaying (right hand)
 Q - a ring of fire
 R - a ring of protection from cold
 T - an amulet of regeneration (around neck)
 Y - a ring of flight
Wands
 b - a wand of polymorph (23)
 e - a wand of warping (21)
 k - a wand of quicksilver (14)
 p - a wand of flame (64)
 x - a wand of paralysis (28)
 z - a wand of digging (22)
 U - a wand of mindburst (14)
Scrolls
 l - 14 scrolls of teleportation
 G - 5 scrolls of immolation
 J - 8 scrolls of revelation
 X - 2 scrolls of fog
Potions
 c - 4 potions of attraction
 d - 3 potions of might
 h - 12 potions of enlightenment
 m - 6 potions of lignification
 n - 26 potions of curing
 s - 5 potions of magic
 u - a potion of heal wounds
 C - 4 potions of resistance
 D - 5 potions of haste
 K - 3 potions of cancellation
 S - 4 potions of mutation
 W - 3 potions of ambrosia
Miscellaneous
 M - a lightning rod (4/4)
 Z - a tin of tremorstones (2/2)


   Skills:
 + Level 20.6(25.6) Fighting
 + Level 20.5(25.5) Axes
 + Level 20.6(25.6) Armour
 + Level 18.7(23.7) Dodging
 + Level 20.4(25.4) Shields
 - Level 10.0 Invocations


You had 20 spell levels left.
You didn't know any spells.
Your spell library contained the following spells:

 Spells                   Type           Power      Damage    Failure   Level
 Sandblast                Erth           0%         2d4       83%         1
 Sting                    Conj/Alch      0%         1d3       83%         1
 Ensorcelled Hibernation  Hex/Ice        0%         N/A       92%         2
 Mercury Vapours          Alch/Air       0%         N/A       92%         2
 Dazzling Flash           Conj/Hex       0%         N/A       99%         3
 Frozen Ramparts          Ice            0%         1d1       99%         3
 Fugue of the Fallen      Necr           0%         N/A       99%         3
 Gell's Gravitas          Tloc           0%         N/A       99%         3
 Inner Flame              Hex/Fire       0%         N/A       99%         3
 Mephitic Cloud           Conj/Alch/Air  0%         N/A       99%         3
 Ozocubu's Armour         Ice            0%         N/A       99%         3
 Passwall                 Erth           0%         N/A       99%         3
 Stone Arrow              Conj/Erth      0%         3d7       99%         3
 Swiftness                Air            0%         N/A       99%         3
 Teleport Other           Tloc           0%         N/A       99%         3
 Volatile Blastmotes      Fire/Tloc      0%         2d10      99%         3
 Anguish                  Hex/Necr       0%         N/A       100%        4
 Brom's Barrelling Bould  Conj/Erth      0%         2d3       100%        4
 Dimensional Bullseye     Hex/Tloc       0%         N/A       100%        4
 Flame Wave               Conj/Fire      0%         2d4       100%        4
 Fulminant Prism          Conj/Alch      0%         3d5       100%        4
 Iskenderun's Mystic Bla  Conj/Tloc      0%         2d3       100%        4
 Leda's Liquefaction      Alch/Erth      0%         N/A       100%        4
 Manifold Assault         Tloc           0%         N/A       100%        4
 Olgreb's Toxic Radiance  Alch           0%         N/A       100%        4
 Petrify                  Alch/Erth      0%         N/A       100%        4
 Sticky Flame             Fire/Alch      0%         2d4       100%        4
 Vhi's Electric Charge    Tloc/Air       0%         N/A       100%        4
 Arcjolt                  Conj/Air       0%         1d10      100%        5
 Borgnjor's Vile Clutch   Necr/Erth      0%         N/A       100%        5
 Curse of Agony           Necr           0%         N/A       100%        5
 Fireball                 Conj/Fire      0%         3d3       100%        5
 Iskenderun's Battlesphe  Conj           0%         2d6       100%        5
 Lee's Rapid Deconstruct  Erth           0%         3d4*      100%        5
 Metabolic Englaciation   Hex/Ice        0%         N/A       100%        5
 Silence                  Hex/Air        0%         N/A       100%        5
 Bombard                  Conj/Erth      0%         9d1       100%        6
 Conjure Ball Lightning   Conj/Air       0%         3x3d6     100%        6
 Dispersal                Tloc           0%         N/A       100%        6
 Plasma Beam              Fire/Air       0%         2x1d10    100%        6
 Orb of Destruction       Conj           0%         9d5       100%        7
 Discord                  Hex            0%         N/A       100%        8
 Disjunction              Tloc           0%         N/A       100%        8
 Maxwell's Capacitive Co  Air            0%         ∞         100%        8
 Tukima's Dance           Hex            Unusable   N/A       N/A         3
 Animate Dead             Necr           Unusable   N/A       N/A         4
 Death Channel            Necr           Unusable   N/A       N/A         6

Dungeon Overview and Level Annotations

Branches:
Dungeon (15/15)            Temple (1/1) D:7            Lair (5/5) D:9
  Swamp (4/4) Lair:3       Spider (4/4) Lair:3        Slime (0/5) Lair:4
    Orc (2/2) D:11            Elf (0/3) Orc:2        Vaults (4/5) D:13
  Crypt (0/3) Vaults:3     Depths (0/4) D:15        Ossuary (visited)
 Bailey (visited)

Altars:
Ashenzari
Cheibriados
Dithmenos
Elyvilon
Fedhas
Gozag
Hepliaklqana
Kikubaaqudgha
Makhleb
Nemelex Xobeh
Okawaru
Qazlal
Ru
Sif Muna
Trog
Uskayaw
Vehumet
Wu Jian
Xom
Yredelemnul
Zin
The Shining One
Beogh

Shops:
D:6 *   D:7 *   D:8 !   D:10 *   Orc:2 ?(?[   Vaults:1 !   Vaults:2 [
Vaults:3 [!

Annotations:
D:8 3 runed translucent doors, Vorhees's ghost, novice CoWr


Innate Abilities, Weirdness & Mutations

You have a pair of horns on your head.
You reflexively headbutt those who attack you in melee.
Your flesh is heat resistant. (rF+)
You are robust. (+10% HP)


Message History

Unknown command.
You feel better.
The tengu reaver looks more healthy.
The tengu reaver hits you with a +2 bardiche of flaming!
* * * LOW HITPOINT WARNING * * *
The tengu reaver burns you.
* * * LOW HITPOINT WARNING * * *
You block the tengu reaver's attack. The tengu reaver claws you!
* * * LOW HITPOINT WARNING * * *
Okay, then.
Unknown command.
Okay, then.
You feel much better. The tengu reaver barely misses you.
You furiously retaliate!
You headbutt the tengu reaver!
The tengu reaver pecks you but does no damage.
The tengu reaver claws you but does no damage.
You feel mightier all of a sudden.
The tengu reaver points at you and mumbles some strange words.
The bolt of poison hits you!!
You are poisoned.
* * * LOW HITPOINT WARNING * * *
Unknown command.
You feel better. The tengu reaver casts a spell at you.
The bolt of fire hits you! You resist.
* * * LOW HITPOINT WARNING * * *
Unknown command.
Unknown command.
As you read the scroll of teleportation, it crumbles to dust.
You feel strangely unstable.
The tengu reaver hits you but does no damage.
The tengu reaver barely misses you. You block the tengu reaver's attack.
Unknown command.
You feel much better.
The tengu reaver points at you and mumbles some strange words.
Your +3 warlock's mirror {omnireflect} blocks the bolt of cold... and reflects it back!
The tengu reaver repels the bolt of cold!
Unknown command.
The tengu reaver casts a spell at you. The bolt of cold hits you!!!
You die...

#......# #......#
#......# ######
#......# #.....
#..)...# #.....
#......# #.....
#Q[)...# #.....
#......# #.....
#..@...# #.....
#......# ######'###
#......# #.........
####''#####.........
#........'.........
#.#'#'##.#.........
#.#[#..#.#.........
#.#=####.#.........
#(####.#.#.........


You could see a tengu reaver (repels missiles).

Vanquished Creatures
  An ancient lich (Vaults:2)
  Sojobo (Vaults:4)
  Jory (Vaults:4)
  A golden dragon (Vaults:2)
  Nikola (Spider:2)
  Arachne (Spider:1)
  A bone dragon (Abyss:3)
  2 tentacled monstrosities (Abyss:3)
  The ghost of Karaet the Executioner, an adept MiFi of Gozag (Swamp:2)
  Mlioglotl (Spider:1)
  A titan (Vaults:4)
  The ghost of Peot the Tortoise, an adept MiFi of Makhleb (Swamp:2)
  2 thorn hunters
  Frances (D:14)
  An Executioner (Abyss:1)
  2 tentacled starspawn (Abyss:3)
  A kraken (Abyss:3)
  A fenstrider witch (Swamp:4)
  A revenant (Vaults:3)
  Donald (Spider:1)
  2 tengu reavers
  7 emperor scorpions
  16 vault wardens
  4 ghost moths
  Louise (Swamp:3)
  2 frost giants (Vaults:2)
  A formless jellyfish (Vaults:2)
  10 ironbound preservers
  2 orc warlords
  2 stone giants
  5 broodmothers
  4 ironbound thunderhulks
  4 bunyips
  An eleionoma (Swamp:4)
  Nessos (Lair:5)
  4 war gargoyles
  2 deep elf death magi
  A lorocyproca (Abyss:1)
  2 spark wasps (Spider:2)
  15 dire elephants
  A crystal guardian (Vaults:3)
  An ettin (Vaults:4)
  10 entropy weavers
  7 great orbs of eyes
  4 vault guards (Vaults:4)
  26 hydras
  3 shambling mangroves
  Erolcha (Orc:2)
  Harold (D:9)
  2 spriggan air magi
  4 peacekeepers
  5 ogre magi
  14 yaktaur captains
  2 ghost crabs (Abyss:3)
  8 alligators
  15 boulder beetles
  5 catoblepae
  8 ironbound frosthearts
  5 radroaches
  8 centaur warriors
  18 two-headed ogres
  2 tengu warriors (D:15)
  A vampire mage (Vaults:3)
  14 death yaks
  2 spriggan berserkers (Swamp:3)
  2 thrashing horrors (Abyss:3)
  8 demonic crawlers
  Nergalle (D:10)
  A deep elf knight (D:13)
  Sonja (Orc:2)
  9 skeletal warriors
  A skyshark (Lair:4)
  2 wretched stars (Abyss:1)
  2 fire crabs (Abyss:3)
  A death drake (shapeshifter) (Vaults:1)
  5 goliath frogs
  4 pharaoh ants
  10 swamp dragons
  6 spriggan druids
  13 bog bodies
  25 deep trolls
  A necromancer (Lair:2)
  8 orb spiders
  2 sun moths
  5 arcanists
  A deep elf zephyrmancer (D:13)
  13 lindwurms
  6 harpies
  3 deep elf pyromancers
  8 steelbarb worms
  2 cyclopes
  17 ironbound convokers
  10 orc knights
  A large abomination (Abyss:1)
  9 ugly things
  3 orc sorcerers
  A steelbarb worm (shapeshifter) (Vaults:2)
  19 wolf spiders
  3 will-o-the-wisps
  15 elephants
  5 manticores
  6 meliai
  5 black mambas
  A kobold blastminer (Orc:2)
  2 apocalypse crabs (Abyss:3)
  A guardian serpent (shapeshifter) (D:10)
  5 moths of wrath
  11 cane toads
  4 torpor snails
  11 vault sentinels
  A centaur skeleton (Abyss:1)
  4 rime drakes
  7 komodo dragons
  A kobold demonologist (D:12)
  An unseen horror (D:10)
  An efreet (D:15)
  4 tengu conjurers
  42 yaktaurs
  Psyche (D:11)
  5 ancient zymes
  A bloated husk (Swamp:2)
  4 polar bears
  A troll (shapeshifter) (Abyss:3)
  5 tyrant leeches
  7 trolls
  An ettin zombie (Abyss:1)
  25 tarantellas
  14 hornets
  3 raiju (Abyss:1)
  6 blink frogs
  A dream sheep (Lair:3)
  40 slime creatures
  22 spriggans
  A shadow (D:10)
  23 jumping spiders
  28 culicivoras
  Sigmund (D:6)
  6 wyverns
  A steam dragon (D:9)
  74 yaks
  A vampire (D:12)
  8 wraiths
  64 redbacks
  A yak (shapeshifter) (D:10)
  11 wargs
  7 vampire mosquitoes
  Grum (D:11)
  6 basilisks
  A neqoxec (Abyss:1)
  A chaos spawn (Abyss:3)
  6 swamp worms
  4 small abominations
  Edmund (D:6)
  Duvessa (D:6)
  5 acid dragons
  21 water moccasins
  A hell hound (Abyss:1)
  7 swamp drakes (Swamp:4)
  2 sky beasts (D:6)
  An ice beast (D:6)
  2 black bears
  31 orc warriors
  11 ogres
  7 laughing skulls
  26 wolves
  9 starcursed masses (Abyss:1)
  12 centaurs
  A phantom (D:5)
  3 weeping skulls
  15 bullfrogs
  3 scorpions
  2 gnoll sergeants
  9 wights
  A hornet simulacrum (D:13)
  Dowan (D:6)
  11 killer bees
  2 electric eels
  3 howler monkeys
  5 jellies
  3 hounds
  6 orc priests
  A sleepcap (D:5)
  Crazy Yiuf (D:6)
  2 gnoll boudas
  8 iguanas
  Ijyb (D:3)
  20 orc wizards
  A yak simulacrum (Lair:2)
  5 polar bear simulacra (Lair:2)
  2 wolf simulacra (Lair:2)
  8 mummies (Ossuary)
  Robin (D:4)
  30 gnolls
  10 adders
  A shadow imp (D:8)
  A white imp (Abyss:1)
  4 ufetubi
  3 ribbon worms
  91 orcs
  6 endoplasms
  3 giant cockroaches
  5 gnoll zombies (Ossuary)
  26 goblins
  18 hobgoblins
  3 jackals (D:5)
  6 kobolds
  11 bats
  6 frilled lizards
  2 kobold zombies (Ossuary)
  An orc zombie (Ossuary)
  4 rats
  3 river rat simulacra (Lair:2)
  A starspawn tentacle (Abyss:3)
  2 tentacles (Abyss:3)
1476 creatures vanquished.

Vanquished Creatures (others)
  An alligator (Swamp:1)
  An orb spider (Spider:2)
  A deep elf pyromancer (D:13)
  A large abomination (Abyss:1)
  2 bloated husks (Swamp:1)
  2 tarantellas (Spider:2)
  A jumping spider (Spider:2)
  2 redbacks (Spider:2)
  An ogre (D:13)
  An orc wizard (Orc:2)
  20 foxfires
  3 starspawn tentacles (Abyss:3)
  11 tentacles (Abyss:3)
47 creatures vanquished.

Grand Total: 1523 creatures vanquished

Notes
Turn   | Place    | Note
-------+----------+-------------------------------------------
     0 | D:1      | vknvnfl the Minotaur Fighter began the quest for the Orb.
     0 | D:1      | Reached XP level 1. HP: 19/19 MP: 0/0
   234 | D:1      | Reached XP level 2. HP: 27/27 MP: 1/1
   264 | D:1      | Found a faded altar of an unknown god.
   603 | D:2      | Reached skill level 1 in Dodging
   634 | D:2      | Reached XP level 3. HP: 19/33 MP: 2/2
   712 | D:2      | Reached XP level 4. HP: 40/40 MP: 3/3
  1415 | D:3      | Noticed Ijyb
  1420 | D:3      | Reached XP level 5. HP: 45/47 MP: 4/4
  1434 | D:3      | Killed Ijyb
  1670 | D:3      | Noticed a +0 spear
  1671 | D:3      | Noticed a +0 dagger
  1672 | D:3      | Noticed a +0 short sword
  1672 | D:3      | Noticed a +0 short sword
  1673 | D:3      | Noticed a +0 falchion
  1673 | D:3      | Noticed a +0 spear
  1673 | D:3      | Noticed a +0 falchion
  1673 | D:3      | Noticed a +0 dagger
  1911 | D:3      | Found a hide-covered altar of Uskayaw.
  2246 | D:4      | Noticed Robin
  2253 | D:4      | Killed Robin
  2337 | D:4      | Noticed an ogre
  2345 | D:4      | Killed an ogre
  2346 | D:4      | Reached skill level 5 in Fighting
  2346 | D:4      | Reached skill level 5 in Armour
  2346 | D:4      | Reached skill level 5 in Shields
  2346 | D:4      | Reached XP level 6. HP: 56/56 MP: 5/5
  3029 | D:5      | Entered Level 5 of the Dungeon
  3032 | D:5      | Noticed a water moccasin
  3042 | D:5      | Killed a water moccasin
  3043 | D:5      | Reached XP level 7. HP: 48/61 MP: 4/6
  3220 | D:5      | Found a sand-covered staircase.
  3241 | Ossuary  | Entered an ossuary
  3414 | Ossuary  | Reached skill level 5 in Axes
  3842 | D:5      | Found a basalt altar of Yredelemnul.
  3939 | D:5      | Found a shadowy altar of Dithmenos.
  4160 | D:5      | Reached XP level 8. HP: 55/70 MP: 5/7
  4224 | D:6      | Noticed Sigmund
  4231 | D:6      | Killed Sigmund
  4356 | D:6      | Reached skill level 5 in Dodging
  4427 | D:6      | Noticed Dowan
  4428 | D:6      | Noticed Duvessa
  4434 | D:6      | Killed Dowan
  4443 | D:6      | Killed Duvessa
  4617 | D:6      | Reached XP level 9. HP: 37/79 MP: 3/8
  4745 | D:6      | Found Orghon's Assorted Antiques.
  4749 | D:6      | Bought a scroll of identify for 38 gold pieces
  4749 | D:6      | Bought a blue potion for 17 gold pieces
  4749 | D:6      | Bought a scroll of teleportation for 57 gold pieces
  4749 | D:6      | Bought a potion of curing for 57 gold pieces
  4749 | D:6      | Bought a potion of curing for 57 gold pieces
  4750 | D:6      | Gained mutation: Your spells are a little easier to cast,
                  | but a little less powerful. [potion of mutation]
  4876 | D:6      | Found a runed translucent door.
  4877 | D:6      | Noticed Crazy Yiuf
  4884 | D:6      | Killed Crazy Yiuf
  4889 | D:6      | Identified the +8 hammer of Toem Jist {speed, rElec Str+2}
  5072 | D:6      | Noticed Edmund
  5078 | D:6      | Killed Edmund
  5250 | D:6      | Found a burning altar of Makhleb.
  5766 | D:7      | Found Ruosy's Specific Store.
  5770 | D:7      | Found Wiliqess's General Store.
  5863 | D:7      | Found a staircase to the Ecumenical Temple.
  5882 | Temple   | Entered the Ecumenical Temple
  5895 | Temple   | Became a worshipper of Warmaster Okawaru
  6132 | D:7      | Found a flagged portal.
  6143 | Bailey   | Entered a bailey
  6438 | Bailey   | Reached XP level 10. HP: 81/90 MP: 7/9
  6512 | Bailey   | Lost mutation: Your spells are a little easier to cast, but
                  | a little less powerful. [potion of mutation]
  6512 | Bailey   | Gained mutation: You occasionally lose the ability to read
                  | scrolls when taking damage. [potion of mutation]
  6512 | Bailey   | Gained mutation: You are agile. (Dex +4, Str/Int -1)
                  | [potion of mutation]
  6555 | Bailey   | Noticed an orc warlord
  6556 | Bailey   | Noticed an orc knight
  6559 | Bailey   | Reached * piety under Okawaru
  6568 | Bailey   | Killed an orc warlord
  6570 | Bailey   | Killed an orc knight
  6570 | Bailey   | Reached ** piety under Okawaru
  6948 | D:7      | Found a sacrificial altar of Ru.
  7620 | D:8      | Noticed an ogre mage
  7622 | D:8      | Found a runed translucent gate.
  7622 | D:8      | Noticed Vorhees's ghost (novice CoWr)
  7623 | D:8      | Found a runed translucent gate.
  7625 | D:8      | Found a runed translucent gate.
  7683 | D:8      | Found a bloodstained altar of Trog.
  7899 | D:8      | Found Jeumuf Udop's Distillery.
  7907 | D:8      | Bought a potion of might for 52 gold pieces
  7907 | D:8      | Bought 2 potions of mutation for 208 gold pieces
  7907 | D:8      | Bought a potion of heal wounds for 65 gold pieces
  7907 | D:8      | Bought a potion of curing for 39 gold pieces
  7907 | D:8      | Bought a potion of resistance for 130 gold pieces
  7907 | D:8      | Bought a potion of invisibility for 104 gold pieces
  7907 | D:8      | Bought a potion of curing for 39 gold pieces
  7907 | D:8      | Lost mutation: You occasionally lose the ability to read
                  | scrolls when taking damage. [potion of mutation]
  7907 | D:8      | Lost mutation: You are agile. (Dex +4, Str/Int -1) [potion
                  | of mutation]
  7907 | D:8      | Gained mutation: You are weak. (Str -2) [potion of
                  | mutation]
  7907 | D:8      | Gained mutation: You are clumsy. (Dex -2) [potion of
                  | mutation]
  7907 | D:8      | Gained mutation: A frigid envelope surrounds you and
                  | freezes all who hurt you. [potion of mutation]
  7907 | D:8      | Lost mutation: You are clumsy. (Dex -2) [potion of
                  | mutation]
  7908 | D:8      | Lost mutation: A frigid envelope surrounds you and freezes
                  | all who hurt you. [potion of mutation]
  7908 | D:8      | Lost mutation: You are weak. (Str -2) [potion of mutation]
  7908 | D:8      | Gained mutation: Your flesh is heat resistant. (rF+)
                  | [potion of mutation]
  7908 | D:8      | Gained mutation: You are robust. (+10% HP) [potion of
                  | mutation]
  8150 | D:9      | Noticed a two-headed ogre
  8157 | D:9      | Killed a two-headed ogre
  8289 | D:9      | Reached *** piety under Okawaru
  8448 | D:9      | Found a staircase to the Lair.
  8819 | D:9      | Reached XP level 11. HP: 108/108 MP: 10/10
  8917 | D:9      | Noticed Harold
  8928 | D:9      | Killed Harold
  8929 | D:9      | Reached skill level 10 in Fighting
  8929 | D:9      | Reached skill level 10 in Armour
  8929 | D:9      | Reached skill level 10 in Shields
  9014 | D:9      | Reached **** piety under Okawaru
  9280 | D:10     | Entered Level 10 of the Dungeon
  9309 | D:10     | Found Gevorohy's General Store.
  9314 | D:10     | Noticed a two-headed ogre
  9322 | D:10     | Killed a two-headed ogre
  9328 | D:10     | Bought a scroll of immolation for 64 gold pieces
  9387 | D:10     | Found a runed translucent door.
  9393 | D:10     | Noticed Nergalle
  9404 | D:10     | Noticed a two-headed ogre
  9413 | D:10     | Killed a two-headed ogre
  9759 | D:10     | Reached skill level 10 in Axes
  9816 | D:10     | Killed Nergalle
  9883 | D:10     | Reached ***** piety under Okawaru
 10062 | D:10     | Noticed a centaur warrior
 10071 | D:10     | Killed a centaur warrior
 10109 | D:10     | Found a runed translucent door.
 10254 | D:10     | Received a gift from Okawaru
 10548 | D:10     | Reached XP level 12. HP: 112/121 MP: 9/11
 10766 | D:11     | Noticed Grum
 10770 | D:11     | Noticed Psyche
 10778 | D:11     | Killed Psyche
 10781 | D:11     | Killed Grum
 10862 | D:11     | Noticed a two-headed ogre
 10869 | D:11     | Killed a two-headed ogre
 11223 | D:11     | Found a staircase to the Orcish Mines.
 11237 | D:11     | Reached skill level 10 in Dodging
 11403 | D:11     | Noticed a two-headed ogre
 11411 | D:11     | Killed a two-headed ogre
 11968 | D:12     | Received a gift from Okawaru
 12478 | D:12     | Reached ****** piety under Okawaru
 12478 | D:12     | Received a gift from Okawaru
 12484 | D:12     | Acquired the +3 warlock's mirror {omnireflect}
 12484 | D:12     | Received a gift from Okawaru
 12484 | D:12     | Found the +3 warlock's mirror {omnireflect}
 13091 | D:12     | Reached XP level 13. HP: 113/130 MP: 12/12
 13807 | D:13     | Received a gift from Okawaru
 14263 | D:13     | Received a gift from Okawaru
 14482 | D:13     | Found a gate to the Vaults.
 15210 | D:14     | Acquired a +2 antimagic broad axe
 15210 | D:14     | Received a gift from Okawaru
 15404 | D:14     | Found an ornate altar of the Wu Jian Council.
 15532 | D:14     | Received a gift from Okawaru
 15742 | D:14     | Reached XP level 14. HP: 106/143 MP: 9/13
 15967 | D:14     | Noticed Frances
 15975 | D:14     | Killed Frances
 16382 | Lair:1   | Entered Level 1 of the Lair of Beasts
 16453 | Lair:1   | Found a glowing golden altar of the Shining One.
 17116 | Lair:2   | Received a gift from Okawaru
 18309 | Lair:3   | Found a staircase to the Swamp.
 18854 | Lair:3   | Found a hole to the Spider Nest.
 18961 | Lair:3   | Received a gift from Okawaru
 19346 | Lair:4   | Received a gift from Okawaru
 19879 | Lair:4   | Found a staircase to the Slime Pits.
 19982 | Lair:4   | Reached XP level 15. HP: 143/152 MP: 14/14
 19985 | Lair:4   | Reached skill level 15 in Fighting
 19985 | Lair:4   | Reached skill level 15 in Axes
 19985 | Lair:4   | Reached skill level 15 in Armour
 19985 | Lair:4   | Reached skill level 15 in Shields
 19985 | Lair:4   | Reached XP level 16. HP: 147/163 MP: 15/15
 20266 | Lair:5   | Entered Level 5 of the Lair of Beasts
 20298 | Lair:5   | Received a gift from Okawaru
 20872 | Lair:5   | Received a gift from Okawaru
 21067 | Lair:5   | Noticed Nessos
 21072 | Lair:5   | Killed Nessos
 21494 | Orc:1    | Entered Level 1 of the Orcish Mines
 21818 | Orc:2    | Entered Level 2 of the Orcish Mines
 21820 | Orc:2    | Found a staircase to the Elven Halls.
 21890 | Orc:2    | Noticed Erolcha
 21890 | Abyss:1  | Cast into level 1 of the Abyss (Erolcha)
 21897 | Abyss:1  | Found a corrupted altar of Lugonu.
 21915 | Abyss:1  | Found a corrupted altar of Lugonu.
 21918 | Abyss:1  | Found an ancient bone altar of Kikubaaqudgha.
 22021 | Abyss:1  | Paralysed by accursed screaming for 1 turns
 22030 | Abyss:1  | Paralysed by accursed screaming for 1 turns
 22167 | Abyss:1  | Noticed an Executioner
 22173 | Abyss:1  | Received a gift from Okawaru
 22180 | Abyss:1  | Killed an Executioner
 22248 | Abyss:1  | Found a corrupted altar of Lugonu.
 22337 | Abyss:1  | Found a corrupted altar of Lugonu.
 22400 | Orc:2    | Escaped the Abyss
 22415 | Orc:2    | Killed Erolcha
 22501 | Orc:2    | Paralysed by an ogre mage for 2 turns
 22509 | Orc:2    | Found Izad's Antique Weapon Boutique.
 22520 | Orc:2    | Received a gift from Okawaru
 22522 | Orc:2    | Found Yzemer's Magic Scroll Shop.
 22522 | Orc:2    | Paralysed by an ogre mage for 5 turns
 22695 | Orc:2    | Noticed Sonja
 22708 | Orc:2    | Killed Sonja
 22798 | Orc:2    | Found a roughly hewn altar of Beogh.
 22915 | Orc:2    | Found a shimmering blue altar of Sif Muna.
 22920 | Orc:2    | Reached XP level 17. HP: 174/174 MP: 16/16
 23151 | Orc:2    | Found Laxopsiyh's Armour Boutique.
 23175 | Orc:2    | Found Gezi Mint's Magic Scroll Shop.
 23196 | Orc:2    | Bought a scroll of teleportation for 39 gold pieces
 23196 | Orc:2    | Bought a scroll of immolation for 52 gold pieces
 23196 | Orc:2    | Bought a scroll of enchant armour for 97 gold pieces
 23228 | Orc:2    | Bought a scroll of teleportation for 33 gold pieces
 23228 | Orc:2    | Bought a scroll of teleportation for 33 gold pieces
 23228 | Orc:2    | Bought a scroll of enchant armour for 82 gold pieces
 23228 | Orc:2    | Bought a scroll of teleportation for 33 gold pieces
 23228 | Orc:2    | Bought a scroll of enchant armour for 82 gold pieces
 23228 | Orc:2    | Bought a scroll of brand weapon for 104 gold pieces
 23523 | D:15     | Entered Level 15 of the Dungeon
 23924 | D:15     | Found a shimmering blue altar of Sif Muna.
 24086 | D:15     | Found a staircase to the Depths.
 24096 | D:15     | Reached skill level 15 in Dodging
 24488 | D:14     | Received a gift from Okawaru
 24729 | Spider:1 | Entered Level 1 of the Spider Nest
 24794 | Spider:1 | Noticed Mlioglotl
 24803 | Spider:1 | Killed Mlioglotl
 25013 | Spider:1 | Identified the +8 scimitar of Hatarug {flame, Str+2 Dex+2}
 25358 | Spider:1 | Received a gift from Okawaru
 25600 | Spider:2 | Noticed Nikola
 25605 | Spider:2 | Noticed Arachne
 25610 | Spider:2 | Noticed Donald
 25616 | Spider:2 | Killed Nikola
 25743 | Spider:1 | Killed Donald
 25743 | Spider:1 | HP: 7/177 [Arachne/staff of alchemy (2)]
 25748 | Spider:1 | Killed Arachne
 25748 | Spider:1 | Received a gift from Okawaru
 25879 | Spider:1 | Upgraded the game from 0.32-a0-629-g87aaac5c70 to
                  | 0.32-a0-636-g4925a30cd0
 27177 | Spider:4 | Entered Level 4 of the Spider Nest
 27414 | Spider:3 | Reached XP level 18. HP: 170/187 MP: 17/17
 27536 | Spider:4 | Received a gift from Okawaru
 28075 | Spider:4 | Received a gift from Okawaru
 28525 | Spider:4 | Received a gift from Okawaru
 28781 | Spider:4 | Identified the +0 hat "Fofif" {-Cast Rampage Str+2}
 28951 | Spider:4 | Got a gossamer rune of Zot
 29113 | Swamp:1  | Entered Level 1 of the Swamp
 29770 | Swamp:2  | Identified a scroll of acquirement
 29770 | Swamp:2  | Acquired 906 gold pieces
 30037 | Swamp:2  | Found a runed translucent gate.
 30037 | Swamp:2  | Found a runed translucent gate.
 30039 | Swamp:2  | Found a runed translucent gate.
 30043 | Swamp:2  | Noticed Karaet's ghost (adept MiFi)
 30043 | Swamp:2  | Noticed Peot's ghost (adept MiFi)
 30129 | Swamp:2  | Identified the staff "Nego Ira" {*Slow rElec Will+ Earth}
 30496 | Swamp:2  | Killed Peot's ghost
 30512 | Swamp:2  | Killed Karaet's ghost
 30512 | Swamp:2  | Received a gift from Okawaru
 30513 | Swamp:2  | Reached skill level 1 in Invocations
 31019 | Swamp:3  | Noticed Louise
 31028 | Abyss:3  | Cast into level 3 of the Abyss (Louise)
 31031 | Abyss:3  | Noticed a bone dragon
 31044 | Abyss:3  | Killed a bone dragon
 31045 | Abyss:3  | Reached skill level 5 in Invocations
 31045 | Abyss:3  | Reached XP level 19. HP: 103/198 MP: 18/21
 31200 | Abyss:3  | Got an abyssal rune of Zot
 31206 | Swamp:3  | Escaped the Abyss
 31220 | Swamp:3  | Killed Louise
 31224 | Swamp:3  | Received a gift from Okawaru
 31664 | Swamp:4  | Entered Level 4 of the Swamp
 32022 | Swamp:4  | Received a gift from Okawaru
 32085 | Swamp:4  | Got a decaying rune of Zot
 32426 | Swamp:4  | Paralysed by a fenstrider witch for 3 turns
 33003 | Vaults:1 | Entered Level 1 of the Vaults
 33321 | Vaults:1 | Received a gift from Okawaru
 33461 | Vaults:1 | Found Zaseimm's Distillery.
 33556 | Vaults:1 | Bought a potion of curing for 57 gold pieces
 33556 | Vaults:1 | Bought a potion of curing for 57 gold pieces
 33556 | Vaults:1 | Bought a potion of haste for 190 gold pieces
 33556 | Vaults:1 | Bought 2 potions of curing for 114 gold pieces
 33556 | Vaults:1 | Bought a potion of heal wounds for 95 gold pieces
 33556 | Vaults:1 | Bought a potion of mutation for 152 gold pieces
 33556 | Vaults:1 | Bought a potion of might for 76 gold pieces
 33560 | Vaults:1 | Acquired 954 gold pieces
 33903 | Vaults:1 | Reached XP level 20. HP: 210/210 MP: 24/24
 34295 | Vaults:2 | Received a gift from Okawaru
 34596 | Vaults:2 | Noticed an ancient lich
 34596 | Vaults:2 | Noticed a golden dragon
 34612 | Vaults:2 | Killed an ancient lich
 34612 | Vaults:2 | Received a gift from Okawaru
 34615 | Vaults:2 | Killed a golden dragon
 35522 | Vaults:2 | Found Amioduwa's Antique Armour Shop.
 35536 | Vaults:2 | Bought a glowing chain mail for 217 gold pieces
 35536 | Vaults:2 | Bought a glowing chain mail for 217 gold pieces
 35552 | Vaults:2 | Paralysed by a formless jellyfish for 1 turns
 35555 | Vaults:2 | Received a gift from Okawaru
 35845 | Vaults:2 | You fall into a shaft and drop 2 floors!
 35888 | Vaults:3 | Found Gozxafuh's Armour Emporium.
 36106 | Vaults:3 | Found a staircase to the Crypt.
 36948 | Vaults:3 | Received a gift from Okawaru
 37190 | Vaults:3 | Found Peuch's Distillery.
 37198 | Vaults:3 | Bought a potion of magic for 104 gold pieces
 37198 | Vaults:3 | Bought a potion of ambrosia for 104 gold pieces
 37198 | Vaults:3 | Bought a potion of enlightenment for 65 gold pieces
 37198 | Vaults:3 | Bought 2 potions of haste for 260 gold pieces
 37198 | Vaults:3 | Bought a potion of resistance for 130 gold pieces
 37198 | Vaults:3 | Bought a potion of mutation for 104 gold pieces
 37198 | Vaults:3 | Bought a potion of curing for 39 gold pieces
 37464 | Vaults:4 | Reached XP level 21. HP: 169/221 MP: 27/27
 37579 | Vaults:4 | Noticed a golden dragon
 37873 | Vaults:4 | Received a gift from Okawaru
 38343 | Vaults:4 | Reached skill level 10 in Invocations
 38415 | Vaults:4 | Noticed Jory
 38434 | Vaults:4 | Killed Jory
 38564 | Vaults:4 | Noticed Sojobo
 38566 | Vaults:4 | Paralysed by an air elemental for 1 turns
 38584 | Vaults:4 | Paralysed by an air elemental for 1 turns
 38587 | Vaults:4 | Killed Sojobo
 38598 | Vaults:4 | Killed from afar by a tengu reaver

Illustrated notes

Levels and vault maps discovered:
D:1:      scummos_arrival_hexagon, layout_loops_ring, basic_ecumenical_altar,
          minmay_misc_feat_rugged, serial_bayou_pond_a
D:2:      layout_loops_ring
D:3:      kennysheep_six_static_rooms, layout_loops_ring,
          nicolae_uskayaw_en_pointe, minmay_gold_behind_fungi, uniq_ijyb
D:4:      layout_basic, grunt_decor_junction, uniq_robin
D:5:      layout_basic, yredelemnul_altar_generic, kennysheep_mini_moat,
          enter_ossuary_1, grunt_ministairs_4, nicolae_hexahallways
D:6:      layout_loops_cross, bloody_makhleb, serial_shops, shop,
          serial_library_regret_index_double_sided, uniq_crazy_yiuf_cottage,
          uniq_sigmund, uniq_duvessa, uniq_edmund
D:7:      layout_loops_ring, nicolae_ru_path_of_blood,
          minmay_temple_entry_antechambers, enter_bailey_2,
          nicolae_specific_store, roderic_serpentine_path
D:8:      layout_rooms, general_overflow_altar, gammafunk_ghost_split,
          serial_shops, shop
D:9:      layout_irregular_city, david_lair_generic, uniq_harold
D:10:     cheibrodos_histonic, layout_gridville, serial_shops,
          nicolae_shop_window_shopping, uniq_nergalle
D:11:     layout_irregular_city, david_orc_3, uniq_grum, uniq_psyche
D:12:     layout_grid_maze
D:13:     layout_basic, hangedman_vaults_entry_quadrant_bands
D:14:     layout_irregular_city, nicolae_wu_jian_wuxing_cycle,
          lemuel_flamethrower_3, uniq_frances
D:15:     grunt_enter_depths_snipers, layout_irregular_city, serial_bayou,
          serial_bayou_pond_e, serial_bayou_crossing, serial_bayou_pond_e,
          serial_bayou_shore_b, lemuel_doored_altar
Temple:   regret_index_temple_sphere_string
Lair:1:   layout_regular_city, basic_altar, lemuel_fruit_fields
Lair:2:   layout_cave_pods, eino_house_with_fridge
Lair:3:   layout_chaotic_city, minmay_swamp_entry_reptiles,
          nicolae_spider_entry_orb_guardian, kennysheep_catoblepas_arena
Lair:4:   nzn_winding_woodlands_small [nzn_winding_woodlands_5x15_parted,
          nzn_winding_woodlands_center_pierced_h,
          nzn_winding_woodlands_5x15_default], layout_loops_ring, slime_entry_2
Lair:5:   evilmike_catoblepas_cave, layout_misc_corridors, grunt_megastairs_1,
          uniq_nessos
Swamp:1:  layout_falls_marsh, nicolae_swamp_very_dense_foliage, swamp_pool_4,
          infiniplex_staircase_pool_2
Swamp:2:  tekkud_swamp_unearthing_site, layout_falls_marsh,
          evilmike_swamp_ruin_house_1, gammafunk_ghost_cemetery,
          evilmike_swamp_ruin_rubble_2, infiniplex_staircase_pool
Swamp:3:  nicolae_swamp_secret_spriggan_hideout, layout_basic_swamp,
          evilmike_swamp_ruin_house_6, uniq_louise
Swamp:4:  grunt_swamp_rune_castle, layout_basic_swamp, swamp_pool_3
Spider:1: layout_spider_delve, uniq_mlioglotl
Spider:2: layout_spider_delve, nicolae_spider_wall_of_niches, uniq_donald,
          uniq_arachne, uniq_nikola
Spider:3: layout_spider_delve, hellmonk_test_site
Spider:4: guppyfry_spider_rune, nicolae_spider_rock_and_or_roll
Orc:1:    layout_caves, nicolae_orc_flooded_monolith
Orc:2:    st_orc_town, layout_caves, kennysheep_orc_sif_temple, uniq_erolcha,
          uniq_sonja
Vaults:1: v_misc_24, nicolae_vaults_apartment_1, v_misc_26,
          nicolae_vaults_little_squares_3, nicolae_vaults_three_branches,
          hangedman_vaults_stagger, nicolae_vaults_two_Ls,
          ontoclasm_vaults_loading_screen, v_pattern_2, v_misc_13,
          nicolae_vaults_octothorpe, grunt_vaults_focal, st_more_cells,
          nicolae_vaults_storage_room_glass, layout_vaults_maze_bifur,
          serial_shops, nicolae_shop_hallway_stairs
Vaults:2: dpeg_vaults_waves, nicolae_vaults_meiosis,
          nicolae_vaults_frosty_reception, nicolae_vaults_trapezoid_layered,
          nicolae_vaults_network_barrier, v_misc_3, nicolae_vaults_little_ls,
          v_misc_11, nicolae_vaults_double_plus_1, v_misc_25,
          nicolae_vaults_network_s, nicolae_vaults_double_plus_2,
          layout_vaults_omnibox, serial_shops, nicolae_shop_stone
Vaults:3: nicolae_vaults_mitosis, minmay_crypt_entry_simple_plaza,
          nicolae_vaults_heart-shaped_vault, nicolae_vaults_layer_cake_slice,
          nicolae_vaults_shelves_hall, nicolae_vaults_border_crossing,
          nicolae_vaults_gold_heap, layout_vaults_omnigrid, serial_shops, shop,
          nicolae_shop_real_fake_doors
Vaults:4: vaults_room_corners, nicolae_vaults_specimen_jars,
          nicolae_vaults_heart-shaped_vault, nicolae_vaults_halls_meeting,
          vaults_room_large_hall, hangedman_vaults_maws,
          nicolae_vaults_network_square, nicolae_vaults_two_Ls,
          nicolae_vaults_closet_pinwheel_4, nicolae_vaults_house_3,
          nicolae_vaults_tetromino_Z_1, v_misc_10, nicolae_vaults_rhombus_5,
          nicolae_vaults_tetromino_Z_1, vaults_room_pool,
          vaults_room_stairs_pillars, nicolae_vaults_house_1,
          layout_vaults_omnicross, uniq_sojobo, uniq_jory

Skill      XL: |  1  2  3  4  5  6  7  8  9 10 11 12 13 14 15 16 17 18 19 20 21 |
---------------+----------------------------------------------------------------+-----
Dodging        | 1 2 3 4 5 6 8 9 10 12 13 14 15 16 17 18 | 18.7
Shields        | 4 5 6 7 8 9 11 12 13 14 15 16 17 18 19 20 | 20.4
Fighting       | 4 5 6 7 8 9 11 12 13 14 15 16 17 18 19 20 | 20.6
Axes           | 3 4 5 6 8 9 10 12 13 14 15 16 17 18 19 20 | 20.5
Armour         | 4 5 6 7 8 9 11 12 13 14 15 16 17 18 19 20 | 20.6
Invocations    | 5 7 9 10 | 10.0

Action                     |  1- 3 |  4- 6 |  7- 9 | 10-12 | 13-15 | 16-18 | 19-21 || total
---------------------------+-------+-------+-------+-------+-------+-------+-------++-------
  Melee: War axe           |    46 |   138 |   292 |   298 |       |       |       ||   774
         Headbutt          |     4 |    23 |    51 |   107 |   124 |   343 |   312 ||   964
         Broad axe         |       |       |       |   179 |   467 |  1271 |  1024 ||  2941
         Unarmed           |       |       |       |       |       |       |    44 ||    44
  Throw: Throwing net      |       |       |       |       |       |     1 |       ||     1
 Invoke: Heroism           |       |       |       |     2 |     5 |    11 |    12 ||    30
         Receive Armour    |       |       |       |     1 |       |       |       ||     1
         Receive Weapon    |       |       |       |       |     1 |       |       ||     1
  Evoke: Wand              |       |     3 |       |       |       |     1 |       ||     4
    Use: Scroll            |       |    10 |    10 |     8 |     5 |     7 |    13 ||    53
         Potion            |       |       |     1 |    11 |     6 |    15 |    17 ||    50
   Stab: Invisible         |       |       |       |     4 |    13 |       |       ||    17
         Distracted        |       |       |       |     1 |       |       |       ||     1
         Confused          |       |       |       |       |       |       |     7 ||     7
 Armour: Scale mail        |    39 |    97 |   108 |       |       |       |       ||   244
         Chain mail        |       |       |   117 |    13 |       |       |       ||   130
         Plate armour      |       |       |       |   462 |   497 |  1217 |   821 ||  2997
         Skin              |       |       |       |       |       |       |    11 ||    11
  Dodge: Dodged            |    24 |    54 |   130 |   215 |   275 |   712 |   506 ||  1916
  Block: Buckler           |    11 |    34 |    88 |   179 |   271 |   765 |   509 ||  1857
         Reflection        |       |       |       |       |    23 |    42 |    63 ||   128

Table legend: (Time is in decaauts)
 A = Elapsed time spent in this place.
 B = Non-inter-level travel time spent in this place.
 C = Inter-level travel time spent in this place.
 D = Time resting spent in this place.
 E = Time spent auto-exploring this place.
 F = Levels seen in this place.
 G = Mean time per level.
                   A        B        C        D        E       F      G
               +--------+--------+--------+--------+--------+-----+--------+
         Total |  38334 |  36074 |   2260 |   1330 |  27535 |  39 |  982.9 |
       Dungeon |  16799 |  15692 |   1107 |    196 |  12692 |  15 | 1119.9 |
        Temple |     26 |      1 |     25 |      0 |      0 |   1 |   26.0 |
          Lair |   5249 |   4736 |    513 |      3 |   3910 |   5 | 1049.8 |
         Swamp |   3573 |   3408 |    165 |     13 |   2783 |   4 |  893.2 |
   Spider Nest |   4191 |   3966 |    225 |    569 |   2439 |   4 | 1047.8 |
  Orcish Mines |   1382 |   1275 |    107 |      0 |    993 |   2 |  691.0 |
        Vaults |   5353 |   5239 |    114 |    126 |   4063 |   4 | 1338.2 |
         Abyss |    623 |    623 |      0 |     25 |    326 |   2 |  311.5 |
       Ossuary |    339 |    339 |      0 |      0 |    229 |   1 |  339.0 |
        Bailey |    794 |    794 |      0 |    397 |     98 |   1 |  794.0 |
               +--------+--------+--------+--------+--------+-----+--------+

Top non-repeatable levels by time:
    D:12: 2045 daAuts
Vaults:2: 1730 daAuts
    D:10: 1583 daAuts
    D:13: 1573 daAuts
     D:6: 1498 daAuts
  Lair:2: 1265 daAuts
Vaults:4: 1257 daAuts
     D:9: 1249 daAuts
Spider:4: 1199 daAuts
Vaults:3: 1191 daAuts
Vaults:1: 1174 daAuts
  Lair:3: 1160 daAuts
    D:11: 1157 daAuts
    D:14: 1137 daAuts
Spider:3: 1081 daAuts
